 Dungeon Crawl Stone Soup version 0.23.1 (webtiles) character file.

Game seed: 11015983607826265418

83 Yunesin the Skirmisher (level 4, -4/35 HPs)
             Began as a Mummy Berserker on Mar 14, 2019.
             Was a Believer of Trog.
             Slain by an orc
             ... wielding a +0 war axe
              (9 damage)
             ... on level 2 of the Dungeon.
             The game lasted 00:06:22 (1615 turns).

Yunesin the Skirmisher (Mummy Berserker)            Turns: 1615, Time: 00:06:23

Health: -4/35      AC:  2    Str: 20    XL:     4   Next: 22%
Magic:  4/4        EV: 12    Int:  6    God:    Trog [**....]
Gold:   123        SH:  0    Dex: 12    Spells: 3/3 levels left

rFire    x . .     SeeInvis .   a - +0 hand axe
rCold    + . .     Gourm    .   (no shield)
rNeg     + + +     Faith    .   b - +0 animal skin
rPois    ∞         Spirit   .   (no helmet)
rElec    .         Reflect  .   (no cloak)
rCorr    .         Harm     .   (no gloves)
MR       .....                  (no boots)
Stlth    +.........             (no amulet)
HPRegen  0.11/turn              (no ring)
MPRegen  0.09/turn              (no ring)

@: no status effects
A: no food or potions, fire vulnerability, cold resistance 1, negative energy
resistance 3, torment resistance, unbreathing
a: Trog's Hand, Renounce Religion


You were on level 2 of the Dungeon.
You worshipped Trog.
Trog was pleased with you.
You were not hungry.

You visited 1 branch of the dungeon, and saw 3 of its levels.

You collected 123 gold pieces.

Inventory:

Hand Weapons
 a - a +0 hand axe (weapon)
Armour
 b - a +0 animal skin (worn)
Scrolls
 c - a scroll of fear
 d - a scroll of teleportation
 e - a scroll of blinking
 f - a scroll of amnesia {unknown}
 h - a scroll of magic mapping {unknown}


   Skills:
 + Level 3.5 Fighting
 * Level 3.4 Axes
 + Level 1.8 Armour
 + Level 1.9 Dodging
 + Level 0.7 Stealth


You had 3 spell levels left.
You didn't know any spells.
Your spell library was empty.

Dungeon Overview and Level Annotations

Branches:
Dungeon (3/15)

Altars:
Ru

Annotations:
D:3 Jessica, Sigmund


Innate Abilities, Weirdness & Mutations

You do not eat or drink.
Your flesh is vulnerable to fire.
You are immune to poison.
Your flesh is cold resistant. (rC+)
You are immune to negative energy. (rN+++)
You are immune to unholy pain and torment.
You can survive without breathing.


Message History

The orc wizard shouts!
Sigmund mumbles some strange words.
Sigmund flickers and vanishes!
Deactivating autopickup; reactivate with Ctrl-A.
Jessica the Apprentice Sorceress comes into view.
She is wielding a +0 dagger.
Something hits you!
The orc wizard casts a spell.
The orc wizard blinks!
Something hits you! The orc hits you with a +0 war axe!
* * * LOW HITPOINT WARNING * * *
The orc hits you but does no damage.
You climb upwards.
Reactivating autopickup.
There is a stone staircase leading down here.
Unknown command.
You are too injured to fight recklessly!
You hit the orc.
The orc is lightly wounded.
The orc hits you with a +0 war axe!
You die...

.......##..#........# #.#
##..............##### #.#
........)..###......###.#
.##....##....##..##.....#
.##.<..##.##...#....#####
.##....##..###.#......#
.####.####..........#.#####
## #..# ##...............#
####.######....o@..#......#
.#.................#......#
..=..######........#......#
###..# #.<......########
#..# #........# ####
##########


You could see an orc.

Vanquished Creatures
  3 adders (D:2)
  An ooze (D:1)
  A worm (D:2)
  2 leopard geckos
  A ball python (D:2)
  4 bats
  2 giant cockroaches
  7 hobgoblins
  8 jackals
  A quokka (D:2)
  2 frilled lizards (D:2)
  2 goblins
  3 kobolds (D:1)
  8 rats (D:1)
45 creatures vanquished.

Notes
Turn   | Place    | Note
-------+----------+-------------------------------------------
     0 | D:1      | Yunesin the Mummy Berserker began the quest for the Orb.
     0 | D:1      | Reached XP level 1. HP: 18/18 MP: 1/1
   237 | D:1      | Reached XP level 2. HP: 24/24 MP: 2/2
   439 | D:1      | Reached ** piety under Trog
   448 | D:1      | Reached XP level 3. HP: 20/29 MP: 3/3
   997 | D:2      | Reached XP level 4. HP: 21/35 MP: 4/4
  1370 | D:2      | Found a sacrificial altar of Ru.
  1607 | D:3      | Noticed Sigmund
  1611 | D:3      | Noticed Jessica
  1615 | D:2      | Slain by an orc

Skill      XL: |  1  2  3 |
---------------+----------+-----
Axes           | 3 |  3.4
Fighting       | |  3.5
Armour         | |  1.8
Dodging        | |  1.9
Stealth        | |  0.7

Action                   |  1- 3 |  4- 6 || total
-------------------------+-------+-------++-------
Melee: Hand axe          |   109 |    15 ||   124
Invok: Trog's Hand       |     1 |       ||     1
  Use: Scroll            |     5 |       ||     5
 Stab: Sleeping          |     6 |       ||     6
Armor: Animal skin       |    19 |       ||    19
Dodge: Dodged            |   109 |     5 ||   114
